 Dungeon Crawl Stone Soup version 0.19.0 (webtiles) character file.

115 Cacophonie the Cudgeler (level 4, -6/35 HPs)
             Began as a Demonspawn Abyssal Knight on Nov 11, 2016.
             Was a Believer of Lugonu.
             Killed by nerve-wracking pain
             ... invoked by an orc priest
              (11 damage)
             ... on level 2 of the Dungeon.
             The game lasted 00:07:34 (2201 turns).

Cacophonie the Cudgeler (Demonspawn Abyssal Knight) Turns: 2201, Time: 00:07:34

Health: -6/35      AC:  7    Str: 14    XL:     4   Next: 68%
Magic:  5/5        EV: 10    Int: 13    God:    Lugonu [**....]
Gold:   116        SH:  0    Dex: 12    Spells: 0 memorised, 3 levels left

rFire  . . .     SeeInvis .     a - +2 mace
rCold  + . .     Gourm    .     i - +0 ring mail
rNeg   . . .     Faith    .     (no shield)
rPois  .         Spirit   .     (no helmet)
rElec  .         Reflect  .     (no cloak)
rCorr  .         Harm     .     (no gloves)
MR     .....                    (no boots)
Stlth  ..........               (no amulet)
                                (no ring)
                                (no ring)

@: no status effects
A: hooves 1, molten scales 1, cold resistance 1
a: Depart the Abyss, Bend Space, Renounce Religion


You were on level 2 of the Dungeon.
You worshipped Lugonu.
Lugonu was pleased with you.
You were not hungry.

You visited 1 branch of the dungeon, and saw 3 of its levels.
You visited the Abyss 1 time.

You collected 116 gold pieces.


Message History

The orc priest is almost dead!
The orc priest hits you with a dagger! The orc priest completely misses you!
You closely miss the orc priest! Your kick misses the orc priest!
The orc priest is almost dead!
The orc priest closely misses you!
You beat the orc priest but do no damage!
The orc priest is almost dead!
The orc priest hits you with a dagger!
You completely miss the orc priest!
You kick the orc priest, but do no damage!
The orc priest is almost dead!
The orc priest calls down the wrath of Beogh upon you!
Beogh smites you!!! * * * don't die
* * * You crush the orc priest but do no damage!
You kick the orc priest, but do no damage!
The orc priest is almost dead!
The orc priest mumbles some strange prayers to Beogh against you!
Pain shoots through your body!!! rip

#..#....#...##
#..###..##### ####
#..# #..########...
#..###...........##
#........#########
#........#### ##
#..#.##..†..## #.
#..#.##.###..#####.
#.@o....(.....)....
##......(...######.
##..........# #.
##...........# #.
##..##........# ##
#..###........####
#. #.##
#...........# #.
#.#
#.#..######.###.
#.# #.#.## #..#..


You could see an orc priest.

Inventory:

Hand Weapons
 a - a +2 mace (weapon)
Missiles
 d - 97 stones (quivered)
Armour
 b - a +0 leather armour
 i - a +0 ring mail (worn)
 l - a +0 chain mail
Scrolls
 e - a scroll of identify
 g - a scroll of remove curse
Potions
 f - a potion of flight
 j - a potion of might
 k - a potion of curing
 m - 2 potions of mutation {unknown}
Comestibles
 c - 2 bread rations
 h - 3 chunks of flesh
 n - a slice of pizza


   Skills:
 - Level 3.0 Fighting
 + Level 4.5 Maces & Flails
 - Level 1.7 Armour
 - Level 0.8 Dodging
 - Level 2.4 Invocations


You had 3 spell levels left.
You didn't know any spells.


Innate Abilities, Weirdness & Mutations

You have large cloven feet.
You are partially covered in molten scales. (AC +2)
Your flesh is cold resistant. (rC+)

Dungeon Overview and Level Annotations

Branches:
Dungeon (3/15)

Altars:
Ashenzari
Dithmenos
Ru
Vehumet
Xom

Vault maps used:
D:1:      tarquinn_simple_flora_water_a, minmay_cupped
D:2:      grunt_temple_overflow_cloverleaf, vehumet_crystals,
          serial_park_tiny_2, uniq_terence
D:3:      nicolae_overflow_hidden_temple, lemuel_crystal_altar, roderic_batcave

Vanquished Creatures
  Terence (D:2)
  4 adders
  An ooze (D:2)
  A dart slug (D:1)
  An orc (D:3)
  5 bats
  A giant cockroach (D:1)
  10 goblins
  3 hobgoblins (D:1)
  4 jackals (D:2)
  A ball python (D:1)
  3 frilled lizards
  6 kobolds
  7 rats
48 creatures vanquished.

Notes
Turn   | Place    | Note
-------+----------+-------------------------------------------
     0 | Abyss:1  | Cacophonie the Demonspawn Abyssal Knight began the quest for the Orb.
     0 | Abyss:1  | Reached XP level 1. HP: 18/18 MP: 2/2
     5 | D:1      | Escaped the Abyss
   270 | D:1      | Reached skill level 2 in Maces & Flails
   342 | D:1      | Gained mutation: You are partially covered in molten scales. (AC +2) [demonic ancestry]
   342 | D:1      | Reached XP level 2. HP: 9/24 MP: 3/3
  1010 | D:1      | Reached skill level 3 in Maces & Flails
  1018 | D:1      | Reached ** piety under Lugonu
  1249 | D:2      | Gained mutation: You have large cloven feet. [demonic ancestry]
  1249 | D:2      | Reached XP level 3. HP: 29/29 MP: 4/4
  1537 | D:2      | Found a radiant altar of Vehumet.
  1648 | D:2      | Found a shattered altar of Ashenzari.
  1664 | D:2      | Found a shadowy altar of Dithmenos.
  1667 | D:2      | Found a sacrificial altar of Ru.
  1745 | D:2      | Found a shimmering altar of Xom.
  1797 | D:2      | Gained mutation: Your flesh is cold resistant. (rC+) [demonic ancestry]
  1797 | D:2      | Reached XP level 4. HP: 35/35 MP: 5/5
  1799 | D:2      | Reached skill level 4 in Maces & Flails
  1805 | D:2      | Noticed Terence
  1847 | D:2      | Killed Terence
  2201 | D:2      | Killed from afar by an orc priest
